 Dungeon Crawl Stone Soup version 0.30.0-30-g96aa6591b8 (webtiles) character file.

Game seed: 4124114942022579241

3 cheesebisquit the Magician (level 1, 0/16 HPs)
             Began as a Djinni Air Elementalist on June 27, 2023.
             Slain by a kobold
             ... wielding a +0 club
              (4 damage)
             ... on level 1 of the Dungeon.
             The game lasted 00:00:43 (125 turns).

cheesebisquit the Magician (Djinni Air Elementalist) Turns: 125, Time: 00:00:43

Health: 0/16       AC:  2    Str:  7    XL:     1   Next: 55%
Gold:   30         EV: 12    Int: 16    God:
                   SH:  0    Dex: 13

rFire   + + .        (no weapon)
rCold   x . .        (no shield)
rNeg    . . .        a - +0 robe
rPois   ∞            (no helmet)
rElec   .            (no cloak)
rCorr   .            (no gloves)
SInv    .            (boots unavailable)
Will    .....        (no amulet)
Stlth   ++           (no ring)
HPRegen 0.22/turn    (no ring)
MPRegen 0.00/turn

%: infuse magic (-1 HP)
@: about to teleport, flying, very slightly contaminated
A: sickness immunity, fire resistance 2, cold vulnerability 1, float, innate
caster, HP casting, extra vitality 1
a: no special abilities


You were on level 1 of the Dungeon.
You visited 1 branch of the dungeon, and saw 1 of its levels.

You collected 30 gold pieces.

Inventory:

Armour
 a - a +0 robe (worn)


   Skills:
 + Level 0.5 Fighting
 - Level 2.1 Dodging
 - Level 1.5 Stealth
 + Level 2.5 Spellcasting


You knew the following spells:

 Your Spells              Type           Power      Damage    Failure   Level
a - Shock                 Conj/Air       40%        1d5       7%          1
b - Static Discharge      Conj/Air       20%        2-3/arc   11%         2
c - Swiftness             Air            10%        N/A       22%         3
d - Airstrike             Air            5%         2d(1-17)  56%         4
Your spell library was empty.

Dungeon Overview and Level Annotations

Branches:
Dungeon (1/15)

Altars:


Innate Abilities, Weirdness & Mutations

You are immune to sickness and miasma.
You are immune to poison.
Your flesh is very heat resistant. (rF++)
You are vulnerable to cold. (rC-)
You float through the air rather than walking.
You learn spells naturally, not from books.
Your magical power is your life essence.
You have superior vitality. (+4 MHP)


Message History

b - a scroll labelled UMUOBB UVAYHA You reach down and open the door.
An endoplasm comes into view.
Found 14 gold pieces.
The zap hits the endoplasm.
The endoplasm is heavily wounded.
The endoplasm quivers.
The zap hits the endoplasm.
You kill the endoplasm!
There is an open door here.
You now have 30 gold pieces (gained 14).
You reach down and open the door.
A ball python comes into view.
The zap hits the ball python.
The ball python is severely wounded.
The ball python hisses angrily.
The zap hits the ball python.
You kill the ball python!
You reach down and open the door.
A kobold comes into view. It is wielding a +0 club.
The zap hits the kobold.
The kobold is severely wounded.
The zap misses the kobold.
The kobold hits you but does no damage.
The zap misses the kobold.
The kobold hits you with a +0 club.
You miscast Shock.
You are very lightly contaminated with residual magic.
Nothing appears to happen.
The kobold hits you with a +0 club.
You are too injured to fight recklessly!
Unknown command.
Casting: Shock (safe; 7% risk of failure)
Confirm with . or Enter, or press ? or * to list all spells.
You aren't experienced enough to cast this spell.
You aren't carrying any potions.
Okay, then.
As you read the scroll labelled UMUOBB UVAYHA, it crumbles to dust.
You feel strangely unstable.
It was a scroll of teleportation.
The kobold hits you with a +0 club.
* * * LOW HITPOINT WARNING * * *
The kobold attacks as you move away! The kobold hits you with a +0 club.
You die...

... ... ... #.#
#.# #.# ##K##
##.@.## ##.....##
##.......##
#.........####...
+.........'......
#.........####...
##.......##
##.....## ##...##


You could see a kobold.

Vanquished Creatures
  A ball python (D:1)
  An endoplasm (D:1)
  A bat (D:1)
3 creatures vanquished.

Notes
Turn   | Place    | Note
-------+----------+-------------------------------------------
     0 | D:1      | cheesebisquit the Djinni Air Elementalist began the quest
                  | for the Orb.
     0 | D:1      | cheesebisquit set off with the following spells memorised:
                  | Shock, Static Discharge, Swiftness, Airstrike.
     0 | D:1      | Reached XP level 1. HP: 15/15 MP: 0/0
   125 | D:1      | Slain by a kobold

Illustrated notes

Levels and vault maps discovered:
D:1:      scummos_arrival_gate, layout_loops_corners,
          shapermc_ecumenical_altar_mp_highgroup, grunt_decor_junction,
          minmay_misc_feat_x

Action                     || total
---------------------------++-------
   Cast: Shock             ||    12
    Use: Scroll            ||     1
 Armour: Robe              ||     4
  Dodge: Dodged            ||     1
